Map: [ESL] Cosmic Sapphire

Players

Dolan

  • Race: Terran Terran
  • Spawn Location: 5:00

Nice - Winner!

  • Race: Protoss Protoss
  • Spawn Location: 11:00

Event: DreamHack SC2 Masters 2022 Valencia

VOD

Have the link to the VOD?

Description

Time

  • Played on: July 1, 2022, 5:12 p.m.
  • Length: 10:07

All games in this series

Show
View Real Time Build Order
Export as new Build Order

Dolan Terran 

Build Orders:  

Get SALT Encoding   

  12  0:00  SCV  
  13  0:12  SCV  
  14  0:16  Supply Depot  
  14  0:24  SCV  
  14  0:27  Refinery  
  15  0:38  SCV  
  16  0:46  Barracks  
  16  0:50  SCV  
  17  1:02  SCV  
  18  1:14  SCV  
  19  1:26  SCV  
  20  1:41  Orbital Command, Reaper  
  21  1:53  Command Center  
  21  2:04  Factory  
  21  2:07  SCV  
  22  2:10  Refinery  
  22  2:15  Barracks Reactor  
  22  2:21  Supply Depot  
  22  2:23  SCV  
  23  2:42  SCV  
  24  2:48  Factory Tech Lab  
  24  2:51  Marine x2  
  24  2:52  Barracks  
  24  2:54  SCV  
  27  3:07  Cyclone  
  27  3:09  Orbital Command  
  27  3:10  SCV  
  31  3:17  Marine x2  
  33  3:22  SCV  
  34  3:34  SCV  
  34  3:35  Orbital Command  
  35  3:42  Barracks Tech Lab, Marine x2  
  37  3:51  SCV  
  37  3:55  Siege Tank  
  40  4:01  SCV  
  40  4:02  Supply Depot, Marine x2  
  41  4:03  SCV, Marine, Stimpack  
  45  4:13  SCV, Supply Depot  
  46  4:20  Barracks  
  46  4:24  SCV, Marine x3  
  50  4:28  Siege Tank  
  53  4:35  Engineering Bay  
  53  4:37  SCV x2  
  55  4:40  Supply Depot  
  55  4:47  Marine x3  
  55  4:51  SCV x2  
  60  5:02  Starport  
  60  5:03  SCV x2  
  62  5:07  Factory Reactor  
  62  5:13  Terran Infantry Weapons Level 1  
  62  5:14  Marine x3  
  62  5:17  SCV x2  
  62  5:20  Refinery, Supply Depot  
  67  5:25  Barracks  
  67  5:27  Barracks  
  67  5:33  SCV x2  
  67  5:35  Barracks Reactor  
  69  5:37  Marine  
  69  5:41  Marine x2  
  72  5:43  Supply Depot  
  72  5:44  Combat Shield  
  72  5:49  SCV x2  
  74  5:52  Supply Depot  
  74  5:55  Siege Tank, Marine  
  78  6:04  Medivac x2, Marine  
  78  6:06  Supply Depot  
  78  6:08  Marine  
  78  6:11  SCV  
  85  6:12  SCV  
  81  6:23  SCV  
  79  6:27  Marine x6  
  79  6:28  Marine  
  79  6:29  Siege Tank  
  89  6:40  Medivac x2  
  89  6:41  SCV x2  
  89  6:45  Marine x7  
  96  7:02  Marine  
  96  7:03  Marine x3  
  96  7:05  Marine x2  
  96  7:06  Marine  
  99  7:12  Siege Tank  
  102  7:24  Marine x5  
  102  7:25  Supply Depot, Medivac  
  108  7:36  Marine x2  
  104  7:42  Marine x2  
  104  7:44  Marine x3  
  106  7:48  Siege Tank, Medivac  
  114  7:54  Marine  
  115  7:59  Bunker  
  115  8:01  Marine x2  
  115  8:15  Bunker  
  115  8:16  Bunker  
  91  8:35  Marine x3  
  91  8:37  Siege Tank  
  86  8:50  Liberator  
  86  8:51  Bunker  
  89  9:07  Marine x4  
  93  9:13  Marine x2  
  93  9:14  Marine  
  70  9:26  Marine x4  
  70  9:28  Siege Tank, Medivac  
Show
View Real Time Build Order
Export as new Build Order

Nice Protoss - Winner!

Build Orders: 1 Gate Expand, Oracle Opening 

Get SALT Encoding   

  12  0:00  Probe  
  13  0:12  Probe  
  14  0:17  Pylon  
  14  0:25  Probe (Chrono Boost)  
  15  0:37  Probe (Chrono Boost)  
  15  0:38  Gateway  
  16  0:43  Probe (Chrono Boost)  
  17  0:50  Assimilator  
  17  0:52  Probe  
  18  1:04  Probe  
  19  1:16  Probe  
  20  1:25  Cybernetics Core  
  21  1:37  Nexus  
  20  1:42  Pylon  
  20  1:49  Probe, Assimilator  
  21  1:58  Adept (Chrono Boost)  
  21  2:01  Probe  
  24  2:11  Shield Battery  
  24  2:13  Probe  
  25  2:19  Adept (Chrono Boost)  
  27  2:26  Probe  
  28  2:32  Stargate  
  28  2:39  Warp Gate  
  28  2:40  Probe  
  29  2:45  Adept  
  29  2:49  Probe  
  32  2:52  Probe  
  33  3:01  Probe  
  33  3:04  Probe  
  35  3:13  Probe, Oracle (Chrono Boost)  
  35  3:16  Probe  
  40  3:23  Pylon  
  40  3:25  Probe  
  41  3:28  Probe  
  41  3:31  Twilight Council  
  42  3:37  Probe  
  42  3:40  Probe  
  44  3:49  Probe  
  44  3:53  Probe  
  44  3:54  Gateway  
  44  3:55  Gateway  
  44  4:00  Gateway  
  44  4:02  Probe, Gateway  
  45  4:04  Blink (Chrono Boost)  
  45  4:05  Gateway  
  45  4:07  Probe  
  46  4:17  Probe  
  46  4:18  Shield Battery  
  46  4:22  Probe, Assimilator  
  48  4:29  Probe  
  49  4:32  Stalker  
  49  4:34  Probe  
  52  4:45  Pylon  
  52  4:50  Stalker  
  54  4:53  Nexus  
  54  4:55  Pylon  
  54  5:08  Stalker x3  
  54  5:10  Probe x2  
  62  5:19  Forge  
  64  5:29  Stalker x2  
  64  5:31  Stalker  
  64  5:33  Stalker  
  64  5:34  Charge (Chrono Boost)  
  70  5:39  Pylon  
  70  5:50  Protoss Ground Weapons Level 1 (Chrono Boost)  
  70  5:56  Gateway  
  70  5:57  Probe x2  
  72  6:06  Probe  
  72  6:07  Sentry  
  72  6:08  Sentry  
  72  6:09  Probe x2, Zealot  
  81  6:11  Shield Battery  
  81  6:18  Probe  
  81  6:20  Gateway  
  81  6:22  Probe x2  
  84  6:29  Stalker x3  
  90  6:34  Probe, Gateway  
  90  6:36  Pylon  
  90  6:38  Shield Battery  
  77  7:10  Stalker x5  
  77  7:11  Stalker  
  89  7:24  Stalker  
  91  7:36  Zealot x6  
  101  7:41  Dark Shrine, Pylon  
  101  7:45  Pylon  
  101  7:47  Pylon  
  101  7:49  Pylon  
  101  7:50  Pylon  
  101  7:57  Shield Battery  
  101  8:01  Zealot  
  101  8:02  Zealot  
  101  8:03  Zealot x6  
  117  8:18  Pylon  
  117  8:19  Pylon  
  117  8:22  Zealot x2  
  117  8:23  Zealot x6  
  98  8:44  Zealot x6  
  98  8:45  Zealot x2  
  114  8:49  Gateway  
  114  8:51  Gateway  
  114  9:06  Dark Templar x3, Zealot  
  114  9:07  Zealot x3  
  90  9:26  Stalker  
  90  9:27  Stalker x4  
  84  9:42  Stalker x3  
  84  9:56  Nexus  
  84  9:57  Stalker x3  
  84  9:58  Stalker x2, Pylon  

Tags
 
Add a new tag
Caveats
  • Supply blocks, unpowered buildings, or Contaminate may cause inaccurate times.
  • Supply counts are checked every 10 seconds.